 Dungeon Crawl Stone Soup version 0.30-a0-883-g5ad918d77d (webtiles) character file.

Game seed: 17377562627532917935

52 Ghostmaker01 the Poker (level 3, -3/27 HPs)
             Began as a Demonspawn Gladiator on Mar 15, 2023.
             Slain by a gnoll
             ... wielding a +0 spear
              (6 damage)
             ... on level 2 of the Dungeon.
             The game lasted 00:03:13 (1137 turns).

Ghostmaker01 the Poker (Demonspawn Gladiator)       Turns: 1137, Time: 00:03:13

Health: -3/27      AC:  3    Str: 22    XL:     3   Next: 60%
Magic:  3/3        EV: 10    Int:  9    God:
Gold:   168        SH:  7    Dex: 14    Spells: 2/2 levels left

rFire   . . .      SeeInvis .    a - +0 trident
rCold   + . .      Faith    .    l - +0 kite shield
rNeg    . . .      Spirit   .    b - +0 leather armour
rPois   .          Reflect  .    (helmet restricted)
rElec   .          Rampage  .    (no cloak)
rCorr   .                        (no gloves)
Will    .....                    (no boots)
Stlth   +                        (no amulet)
HPRegen 0.24/turn                g - +6 ring of strength
MPRegen 0.08/turn                h - ring of protection from cold

@: no status effects
A: horns 1, powered by death 1
a: no special abilities


You were on level 2 of the Dungeon.
You visited 1 branch of the dungeon, and saw 2 of its levels.

You collected 168 gold pieces.

Inventory:

Hand Weapons
 a - a +0 trident (weapon)
 k - a +0 club
Missiles
 d - 3 throwing nets (quivered)
 e - a javelin
Armour
 b - a +0 leather armour (worn)
 c - a +0 helmet
 l - a +0 kite shield (worn)
Jewellery
 g - a +6 ring of strength (left hand)
 h - a ring of protection from cold (right hand)
 n - a ring of positive energy
 p - a ring of wizardry
Scrolls
 f - a scroll of fog {unknown}
 m - 2 scrolls of identify {unknown}
 o - a scroll of blinking {unknown}
Potions
 i - a potion of might {unknown}
 j - a potion of mutation {unknown}


   Skills:
 + Level 2.2 Fighting
 + Level 3.4 Polearms
 + Level 1.9 Throwing
 * Level 1.3 Armour
 + Level 3.0 Dodging


You had 2 spell levels left.
You didn't know any spells.
Your spell library was empty.

Dungeon Overview and Level Annotations

Branches:
Dungeon (1/15)

Altars:

Shops:
D:1 (


Innate Abilities, Weirdness & Mutations

You have a pair of small horns on your head.
You regenerate a little health from kills.


Message History

There are monsters nearby!
There are monsters nearby!
A gnoll comes into view. It is wielding a +0 flail.
A gnoll comes into view. It is wielding a +0 spear.
The gnoll moves out of view.
The gnoll shouts!
You reach to attack!
You barely miss the gnoll. You barely miss the gnoll.
You headbutt the gnoll, but do no damage.
The gnoll hits you from afar with a +0 halberd!
The gnoll hits you with a +0 whip.
A kobold comes into view. It is wielding a +0 dagger.
You hit the gnoll but do no damage. You headbutt the gnoll.
The gnoll is moderately wounded.
You block the gnoll's attack. The gnoll barely misses you.
The gnoll hits you with a +0 whip!
* * * LOW HITPOINT WARNING * * *
You are too injured to fight recklessly!
You are too injured to fight recklessly!
You are too injured to fight recklessly!
You are too injured to fight recklessly!
You are too injured to fight recklessly!
You are too injured to fight recklessly!
You are too injured to fight recklessly!
You are too injured to fight recklessly!
You are too injured to fight recklessly!
You are too injured to fight recklessly!
You are too injured to fight recklessly!
You are too injured to fight recklessly!
You are too injured to fight recklessly!
You hit the gnoll.
The gnoll is severely wounded.
The gnoll barely misses you. The gnoll closely misses you.
You puncture the gnoll!
You kill the gnoll!
You block the gnoll's attack.
The gnoll hits you from afar with a +0 halberd.
* * * LOW HITPOINT WARNING * * *
The gnoll hits you with a +0 spear.
You die...

#. .... #. ... #.#########
... #.#........ .K#
#.#........ #g#.#
#.......... #g#.#
#.PPP......
#g#.####P...P.....
#@#.....P......... ######
#.#.....P...P)..).
#....####.#........PP.....
#.##......#.......########
#.#########......##
#...........######
#############


You could see 3 gnolls and a kobold.

Vanquished Creatures
  A gnoll (D:2)
  A worm (D:2)
  A ball python (D:1)
  4 bats (D:1)
  6 endoplasms
  4 giant cockroaches (D:1)
  2 goblins
  3 hobgoblins
  7 kobolds
  A quokka (D:2)
  2 frilled lizards (D:1)
  4 rats (D:1)
36 creatures vanquished.

Vanquished Creatures (others)
  5 fungi (D:2)
  A toadstool (D:2)
6 creatures vanquished.

Grand Total: 42 creatures vanquished

Notes
Turn   | Place    | Note
-------+----------+-------------------------------------------
     0 | D:1      | Ghostmaker01 the Demonspawn Gladiator began the quest for
                  | the Orb.
     0 | D:1      | Reached XP level 1. HP: 16/16 MP: 1/1
   279 | D:1      | Found a faded altar of an unknown god.
   282 | D:1      | Noticed a golden eye
   282 | D:1      | Noticed an eye of devastation
   288 | D:1      | Noticed a floating eye
   291 | D:1      | Noticed a floating eye
   295 | D:1      | Gained mutation: You regenerate a little health from kills.
                  | [demonic ancestry]
   295 | D:1      | Reached XP level 2. HP: 22/22 MP: 2/2
   775 | D:1      | Found Hiuhylel's Antique Weapon Shop.
   799 | D:1      | Reached skill level 1 in Armour
   799 | D:1      | Gained mutation: You have a pair of small horns on your
                  | head. [demonic ancestry]
   799 | D:1      | Reached XP level 3. HP: 27/27 MP: 3/3
   981 | D:1      | You fall into a shaft and drop 1 floor!
  1137 | D:2      | Slain by a gnoll

Illustrated notes

Levels and vault maps discovered:
D:1:      dpeg_arrival_yet_another_circle, layout_basic,
          hellmonk_ecumenical_altar_watching_god, serial_shops,
          nicolae_square_shop, minmay_vboxes
D:2:      minmay_diamond_boxcup, layout_basic, serial_shops, shop_statue,
          basic_altar, minmay_gold_behind_fungi, grunt_decor_mini_mirrors

Skill      XL: |  1  2 |
---------------+-------+-----
Polearms       | 3 |  3.4
Dodging        | 3 |  3.0
Armour         | 1 |  1.3
Fighting       | |  2.2
Throwing       | |  1.9

Action                     || total
---------------------------++-------
  Melee: Trident           ||   117
         Punch             ||     2
         Headbutt          ||     4
   Stab: Sleeping          ||     3
         Distracted        ||     1
 Armour: Leather armour    ||    28
  Dodge: Dodged            ||    47
  Block: Kite shield       ||     9

Table legend: (Time is in decaauts)
 A = Elapsed time spent in this place.
 B = Non-inter-level travel time spent in this place.
 C = Inter-level travel time spent in this place.
 D = Time resting spent in this place.
 E = Time spent auto-exploring this place.
 F = Levels seen in this place.
 G = Mean time per level.
                   A        B        C        D        E       F      G
               +--------+--------+--------+--------+--------+-----+--------+
         Total |   1160 |   1144 |     16 |      0 |    850 |   2 |  580.0 |
       Dungeon |   1160 |   1144 |     16 |      0 |    850 |   2 |  580.0 |
               +--------+--------+--------+--------+--------+-----+--------+

Top non-repeatable levels by time:
     D:1: 996 daAuts
     D:2: 164 daAuts
